AoeStats
← cristiantuck2000

Arabia

509782792Analyzed
1v1 RM · 5d ago on Sep 28, 2026· 45m 5s· 2 players
Game mode
Random Map
Map size
Tiny (2 player)
Population
200
Speed
Normal
Resources
Standard
Victory
Conquest
Starting age
Dark Age
Ending age
Imperial Age
RankedLock teamsTeams togetherTeam positionsShared explorationLock speedFull tech treeHidden civsTurbo modeCheats
Victory
Defeat
🇲🇽 Cumans · Mexico
1013
+15
🇺🇸 Franks · United States
997
-15
Dolarhyde
8:35 Loom
11:06 Feudal Age
11:50 Double-Bit Axe
12:02 Town Watch
22:13 Castle Age
20:44 Gold Mining
22:11 Scale Barding Armor
23:08 Husbandry
26:03 Forging
30:18 Wheelbarrow
30:39 Chain Barding Armor
31:08 Bow Saw
32:02 Elite Skirmisher
34:26 Hand Cart
35:32 Iron Casting
34:48 Fletching
35:22 Pikeman
36:51 Bodkin Arrow
42:00 Imperial Age
41:51 Padded Archer Armor
42:19 Cavalier
cristiantuck2000
7:44 Loom
10:30 Feudal Age
10:31 Man-at-Arms
18:30 Castle Age
23:39 Double-Bit Axe
25:45 Bow Saw
25:47 Horse Collar
27:45 Fletching
29:29 Ballistics
29:07 Bodkin Arrow
30:20 Padded Archer Armor
32:43 Bloodlines
34:48 Wheelbarrow
35:05 Gold Mining
35:06 Stone Mining
35:24 Heavy Plow
36:23 Forging
36:51 Scale Barding Armor
37:35 Hand Cart
38:23 Gold Shaft Mining
40:28 Imperial Age
38:58 Iron Casting
42:26 Chemistry
41:58 Parthian Tactics
41:42 Thumb Ring
42:54 Conscription
42:35 Capped Ram
42:42 Light Cavalry
43:33 Steppe Husbandry
44:38 Blast Furnace
44:01 Chain Barding Armor
44:33 Hussar
45:04 Elite Kipchak
Connection lost

Rejoining the realm…

Still unreachable

The connection could not be restored.

Session expired

The server has moved on; the page needs a fresh start.